 Dungeon Crawl Stone Soup version 0.19.5 (webtiles) character file.

116 fili the Skirmisher (level 4, -6/42 HPs)
             Began as a Minotaur Berserker on Mar 7, 2017.
             Was a Believer of Trog.
             Killed by divine providence
             ... invoked by an orc priest
              (15 damage)
             ... on level 3 of the Dungeon.
             The game lasted 00:33:41 (2178 turns).

fili the Skirmisher (Minotaur Berserker)            Turns: 2178, Time: 00:33:41

Health: -6/42      AC: 11    Str: 23    XL:     4   Next: 70%
Magic:  3/3        EV:  7    Int:  4    God:    Trog [**....]
Gold:   115        SH:  0    Dex:  9    Spells: 0 memorised, 3 levels left

rFire  . . .     SeeInvis .     a - +0 mace
rCold  . . .     Gourm    .     g - +0 plate armour
rNeg   . . .     Faith    .     (no shield)
rPois  +         Spirit   .     (helmet restricted)
rElec  .         Reflect  .     (no cloak)
rCorr  .         Harm     .     (no gloves)
MR     .....                    (no boots)
Stlth  ..........               (no amulet)
                                (no ring)
                                p - ring of poison resistance

@: drained
A: retaliatory headbutt, horns 2
a: Berserk, Trog's Hand, Burn Spellbooks, Renounce Religion


You were on level 3 of the Dungeon.
You worshipped Trog.
Trog was pleased with you.
You were very full.

You visited 1 branch of the dungeon, and saw 3 of its levels.

You collected 115 gold pieces.

Inventory:

Hand Weapons
 a - a +0 mace (weapon)
 f - a cursed -3 short sword
 x - a +0 hand axe of flaming
Missiles
 h - 65 bolts
 m - 18 poisoned needles
 o - 17 arrows
Armour
 g - a +0 plate armour (worn)
 r - a +2 buckler
Jewellery
 p - a ring of poison resistance (left hand)
Scrolls
 e - 2 scrolls of remove curse
 l - 2 scrolls of random uselessness
 q - a scroll of enchant weapon {unknown}
 u - a scroll of fog {unknown}
 v - a scroll of magic mapping {unknown}
Potions
 b - a potion of curing {unknown}
 d - a potion of might
 j - a potion of flight {unknown}
 s - a potion of agility {unknown}
 t - a potion of lignification {unknown}


   Skills:
 * Level 5.6(5.5) Fighting
 + Level 5.0 Maces & Flails
 - Level 2.4(2.3) Armour
 - Level 2.1 Dodging


You had 3 spell levels left.
You didn't know any spells.

Dungeon Overview and Level Annotations

Branches:
Dungeon (3/15)

Altars:


Innate Abilities, Weirdness & Mutations

You reflexively headbutt those who attack you in melee.
You have a pair of horns on your head.


Message History

You assume a fearsome visage.
The orc priest looks frightened!
The kobold looks frightened! x2
Things that are here:
a flail; an orc corpse
There are monsters nearby!
There are monsters nearby!
You are too injured to fight recklessly!
The kobold begs for mercy.
Items here: ( ) [ † a stone; a dagger; a scale mail; an orc corpse You see here 13 stones.
You start resting.
The orc priest casts a cantrip, but nothing happens.
The orc priest looks encouraged for a moment.
The orc priest mumbles some strange prayers to Beogh against you.
Beogh smites you!
* * * LOW HITPOINT WARNING * * *
The orc priest invokes the aid of Beogh against you.
Beogh smites you!
You die...

#######.######.....♣♣♣...#
#...†.)[...........#
#######............#
.............##
####..........#
#............#
..###..##########
#####...........#
#....@..........#
....####..........#
#.................# ##
.####.o(........# #.
####..........# #.#
##.............#
#########.###.......)......#
.#...(.....................#
.....................(.....#


You could see an orc priest.

Vanquished Creatures
  2 adders
  3 gnolls (D:2)
  An ooze (D:1)
  A worm (D:2)
  3 dart slugs
  3 leopard geckos (D:2)
  4 orcs (D:3)
  2 giant cockroaches (D:2)
  7 goblins
  2 hobgoblins
  2 jackals (D:3)
  6 kobolds
  5 bats
  4 frilled lizards
  3 rats
48 creatures vanquished.

Notes
Turn   | Place    | Note
-------+----------+-------------------------------------------
     0 | D:1      | fili the Minotaur Berserker began the quest for the Orb.
     0 | D:1      | Reached XP level 1. HP: 19/19 MP: 0/0
   121 | D:1      | Reached XP level 2. HP: 25/27 MP: 1/1
   804 | D:1      | Reached XP level 3. HP: 34/34 MP: 2/2
  1358 | D:2      | Reached skill level 5 in Fighting
  1469 | D:2      | Reached XP level 4. HP: 39/42 MP: 3/3
  1472 | D:2      | Reached ** piety under Trog
  1904 | D:2      | Reached skill level 5 in Maces & Flails
  2178 | D:3      | Killed from afar by an orc priest

Skill      XL: |  1  2  3  4 |
---------------+-------------+-----
Fighting       | 4 5 |  5.6
Maces & Flails | 4 5 |  5.0
Armour         | |  2.4
Dodging        | |  2.1

Action                   |  1- 3 |  4- 6 || total
-------------------------+-------+-------++-------
Melee: Mace              |    74 |    61 ||   135
       Headbutt          |    10 |    13 ||    23
  Use: Scroll            |     5 |     1 ||     6
  Eat: Beef jerky        |     1 |       ||     1
       Meat ration       |       |     1 ||     1
       Bread ration      |       |     1 ||     1
Armor: Plate armour      |    87 |    40 ||   127
Dodge: Dodged            |    31 |    26 ||    57
